 Dungeon Sprint DCSS version 0.31-a0-1511-g961fd35ebc (webtiles) character file.

Game seed: 2995354388308595048

4217 Groucho the Unseen (level 10, -3/50 HPs)
             Began as a Tengu Enchanter on Dec 30, 2023.
             Was a High Priest of Dithmenos.
             Slain by an ice devil (9 damage)
             ... summoned by a kobold demonologist
             ... in the Dungeon (Sprint I: "Red Sonja").
             The game lasted 00:09:26 (2262 turns).

Groucho the Unseen (Tengu Enchanter)                Turns: 2262, Time: 00:09:27

Health: -3/50      AC:  4    Str: 10      XL:     10   Next: 30%
Magic:  9/21       EV: 16    Int: 19      God:    Dithmenos [*****.]
Gold:   373        SH:  0    Dex: 13 (14) Spells: 6/23 levels left

rFire   . . .        a - +1 dagger
rCold   . . .        (no shield)
rNeg    . . .        b - +0 robe
rPois   .            (helmet restricted)
rElec   .            m - +1 cloak {Stlth+}
rCorr   .            (no gloves)
SInv    .            (boots unavailable)
Will    .....        (no amulet) Stlth *+++++++++
                     (no ring)
HPRegen 0.28/turn    (no ring)
MPRegen 0.17/turn

%: no teleportation, acrobat
@: fragile (+50% incoming damage), flying, wreathed by umbra, invisible
A: beak, talons 3, evasive flight, acrobatic
a: Renounce Religion, Shadow Step, Shadow Form


You were in the Dungeon.
You worshipped Dithmenos.
Dithmenos was extremely pleased with you.
You visited 1 branch You collected 1054 gold pieces.
You spent 681 gold pieces at shops.

Inventory:

Hand Weapons
 a - a +1 dagger (weapon)
 q - a +2 dagger of draining
Armour
 b - a +0 robe (worn)
 m - a +1 cloak of stealth (worn)
 p - a scarf of invisibility
Magical Staves
 o - a staff of air
Wands
 h - a wand of iceblast (15)
Scrolls
 e - a scroll of enchant weapon {unknown}
 i - 2 scrolls of revelation {unknown}
 j - a scroll of silence {unknown}
 k - a scroll of fog {unknown}
 l - a scroll of identify {unknown}
 n - a scroll of fear {unknown}
Potions
 c - a potion of invisibility
 d - 3 potions of curing
 f - 2 potions of haste
 g - a potion of magic


   Skills:
 + Level 0.0 Fighting
 + Level 3.7 Short Blades
 - Level 2.1 Dodging
 - Level 15.0 Stealth
 - Level 7.0 Spellcasting
 + Level 15.0 Conjurations
 + Level 10.9 Hexes
 + Level 0.0 Earth Magic


You had 6 spell levels left.
You knew the following spells:

 Your Spells              Type           Power      Damage    Failure   Level
a - Ensorcelled Hibernat  Hex/Ice        54%        N/A       1%          2
b - Confusing Touch       Hex            48%        N/A       1%          3
c - Dazzling Flash        Conj/Hex       100%       N/A       1%          3
d - Tukima's Dance        Hex            48%        N/A       1%          3
e - Stone Arrow           Conj/Erth      70%        3d11      1%          3
f - Passwall              Erth           6%         N/A       30%         3

Your spell library contained the following spells:

 Spells                   Type           Power      Damage    Failure   Level
 Cause Fear               Hex            24%        N/A       1%          4
 Brom's Barrelling Bould  Conj/Erth      35%        2d5       4%          4
 Sandblast                Erth           12%        2d6       10%         1
 Anguish                  Hex/Necr       13%        N/A       11%         4
 Enfeeble                 Hex            24%        N/A       67%         7


Dungeon Overview and Level Annotations

Branches:
Dungeon (1/1)

Altars:
Cheibriados
Dithmenos
Elyvilon
Fedhas
Gozag
Hepliaklqana
Kikubaaqudgha
Makhleb
Nemelex Xobeh
Okawaru
Qazlal
Ru
Sif Muna
Trog
Uskayaw
Vehumet
Wu Jian
Xom
Yredelemnul
Zin
The Shining One
Jiyva
Lugonu

Shops:
D !(*:*?*:(:*[:![[?


Innate Abilities, Weirdness & Mutations

You have a beak for a mouth.
You have claws for feet.
Your magical flight helps you evade attacks. (EV +4)
You can magically evade attacks while moving or waiting.


Message History

The kobold demonologist mumbles some strange words.
The quasit bites you but does no damage.
The quasit closely misses you. The quasit claws you.
You feel clumsy.
The kobold demonologist closely misses you.
The neqoxec closely misses you. The ice devil closely misses you.
Unknown command.
You closely miss the glass eye. You claw the glass eye.
The glass eye is lightly wounded.
The crimson imp is no longer blind.
The quasit bites you but does no damage.
The quasit barely misses you. The quasit completely misses you.
The kobold demonologist misses you.
The kobold demonologist hits you with a +0 dagger.
The neqoxec gestures at you. Something gnaws on your mind!
* * * LOW HITPOINT WARNING * * *
You feel your power leaking away. The ice devil misses you.
Unknown command.
You fade into invisibility!
The ice devil is no longer blind.
The quasit bites you.
* * * LOW HITPOINT WARNING * * *
The quasit barely misses you. The quasit claws you.
* * * LOW HITPOINT WARNING * * *
The kobold demonologist closely misses you.
The kobold demonologist hits you with a +0 dagger.
* * * LOW HITPOINT WARNING * * *
The neqoxec barely misses you. The ice devil misses you.
The quasit closely misses you. The quasit barely misses you. x2
Unknown command.
You catch the helpless kobold demonologist completely off-guard!
You impale the kobold demonologist!!
You peck the kobold demonologist, but do no damage.
The kobold demonologist is almost dead.
The glass eye is no longer blind.
The kobold demonologist closely misses you.
The kobold demonologist barely misses you.
The crimson imp blinks!
The ice devil hits you.
You die...

####################
'..#.)'..#__#.53KK5#
#..'..#..'..'..#@4§#
##'#####'#__####5G5+
#..#...#(####§(#####
####..##.#~~§§)#§.#
___##'#_.'~§~§.§..#
∩...'..._#§~§..#..#
.__##_.#'##+#####'###
___###'#.#..((###.'.#
######.####'###.###.#


You could see a glass eye, an ice devil (summoned, unable to see you), 2 kobold
demonologists, a neqoxec (summoned, unable to see you), an iron imp (summoned,
unable to see you), 2 quasits and a crimson imp (summoned, unable to see you).

Vanquished Creatures
  2 centaur warriors (D)
  Sonja (D)
  A deep troll (D)
  An oklob plant (D)
  A hornet (D)
  A slime creature (D)
  A glass eye (D)
  Sigmund (D)
  A yak (D)
  2 redbacks (D)
  An ogre (D)
  7 necrophages (D)
  8 jellies (D)
  Ijyb (D)
  2 ballistomycete spores (D)
31 creatures vanquished.

Notes
Turn   | Place    | Note
-------+----------+-------------------------------------------
     0 | D        | Groucho the Tengu Enchanter began the quest for the Orb.
     0 | D        | Reached XP level 1. HP: 10/10 MP: 4/4
     2 | D        | Noticed Ijyb
     9 | D        | Killed Ijyb
    10 | D        | Reached XP level 2. HP: 13/15 MP: 6/6
   271 | D        | Noticed an ogre
   276 | D        | Learned a level 2 spell: Ensorcelled Hibernation
   278 | D        | Killed an ogre
   279 | D        | Reached XP level 3. HP: 19/19 MP: 4/9
   279 | D        | Reached XP level 4. HP: 24/24 MP: 4/11
   286 | D        | Learned a level 3 spell: Confusing Touch
   290 | D        | Learned a level 3 spell: Dazzling Flash
   294 | D        | Learned a level 3 spell: Tukima's Dance
   436 | D        | Noticed Sigmund
   438 | D        | Killed Sigmund
   439 | D        | Reached skill level 5 in Hexes
   439 | D        | Reached XP level 5. HP: 28/28 MP: 11/14
   439 | D        | Reached XP level 6. HP: 32/32 MP: 12/16
   453 | D        | Found a shimmering blue altar of Sif Muna.
   454 | D        | Found an ornate altar of the Wu Jian Council.
   455 | D        | Found a radiant altar of Vehumet.
   464 | D        | Reached skill level 10 in Stealth
   889 | D        | Found Xutetil's Antique Weapon Emporium.
   889 | D        | Found an ancient bone altar of Kikubaaqudgha.
   889 | D        | Found a hazy altar of Hepliaklqana.
   889 | D        | Found a stormy altar of Qazlal.
   889 | D        | Found a hide-covered altar of Uskayaw.
   889 | D        | Found a blossoming altar of Fedhas.
   889 | D        | Found a bloodstained altar of Trog.
   889 | D        | Found an iron altar of Okawaru.
   889 | D        | Found a basalt altar of Yredelemnul.
   889 | D        | Found a glowing golden altar of the Shining One.
   889 | D        | Found a snail-covered altar of Cheibriados.
   889 | D        | Found a sacrificial altar of Ru.
   889 | D        | Found a glowing silver altar of Zin.
   889 | D        | Found a shadowy altar of Dithmenos.
   889 | D        | Found a white marble altar of Elyvilon.
   889 | D        | Noticed a yak
   890 | D        | Found an opulent altar of Gozag.
   896 | D        | Killed a yak
   897 | D        | Gained mutation: Your magical flight helps you evade
                  | attacks. (EV +4) [Tengu growth]
   897 | D        | Reached XP level 7. HP: 20/36 MP: 8/18
   917 | D        | Found a sparkling altar of Nemelex Xobeh.
   925 | D        | Became a worshipper of Dithmenos the Shadowed
  1051 | D        | Found a burning altar of Makhleb.
  1051 | D        | Found a shimmering altar of Xom.
  1051 | D        | Noticed a slime creature
  1052 | D        | Found a viscous altar of Jiyva.
  1052 | D        | Found a corrupted altar of Lugonu.
  1056 | D        | Killed a slime creature
  1078 | D        | Noticed a centaur warrior
  1079 | D        | Noticed a centaur warrior
  1089 | D        | Killed a centaur warrior
  1090 | D        | Reached XP level 8. HP: 31/41 MP: 17/19
  1093 | D        | Noticed a hornet
  1093 | D        | Killed a centaur warrior
  1093 | D        | Reached * piety under Dithmenos
  1097 | D        | Killed a hornet
  1098 | D        | Reached skill level 10 in Conjurations
  1098 | D        | Reached XP level 9. HP: 26/45 MP: 18/20
  1425 | D        | Noticed an oklob plant
  1430 | D        | Killed an oklob plant
  1717 | D        | Reached ** piety under Dithmenos
  1803 | D        | Reached *** piety under Dithmenos
  1814 | D        | Reached skill level 15 in Stealth
  1815 | D        | Reached **** piety under Dithmenos
  1817 | D        | Reached skill level 10 in Hexes
  1844 | D        | Reached ***** piety under Dithmenos
  1905 | D        | Found Woq Ipess's Book Shoppe.
  1905 | D        | Found Taosupp's General Store.
  1905 | D        | Found Najohuer's General Store.
  1907 | D        | Found Giubuxu's Magic Scroll Emporium.
  1907 | D        | Found Fahefof's General Store.
  1907 | D        | Found Ahafam's Book Shoppe.
  1907 | D        | Found Puaf's Antique Weapon Boutique.
  1907 | D        | Found Daptu's Book Emporium.
  1907 | D        | Found Duizyus's General Store.
  1907 | D        | Found Micsoq's Antique Armour Shoppe.
  1911 | D        | Found Riusaysk's Book Boutique.
  1912 | D        | Found Jysah Zoqoiz's Armour Emporium.
  1912 | D        | Found Xarofroh's Distillery.
  1913 | D        | Found Kaodolu's Magic Scroll Emporium.
  1920 | D        | Bought a +1 cloak of stealth for 231 gold pieces
  1948 | D        | Bought a book of Geomancy for 330 gold pieces
  1952 | D        | Learned a level 3 spell: Stone Arrow
  1956 | D        | Learned a level 3 spell: Passwall
  2001 | D        | Noticed a deep troll
  2003 | D        | Killed a deep troll
  2004 | D        | Reached XP level 10. HP: 50/50 MP: 21/21
  2015 | D        | Found Doapid's Armour Emporium.
  2019 | D        | Bought a scarf of invisibility for 120 gold pieces
  2031 | D        | Noticed Sonja
  2034 | D        | Killed Sonja
  2035 | D        | Reached skill level 15 in Conjurations
  2214 | D        | Found Koenob's Distillery.
  2247 | D        | Noticed a kobold demonologist
  2248 | D        | Noticed a kobold demonologist
  2262 | D        | Slain by an ice devil

Illustrated notes

Levels and vault maps discovered:
D:        dungeon_sprint_1 [red_sonja_temple_1, red_sonja_temple_small_1]

Skill      XL: |  1  2  3  4  5  6  7  8  9 10 |
---------------+-------------------------------+-----
Stealth        | 6 8 9 11 12 13 15 | 15.0
Spellcasting   | 4 6 7 |  7.0
Hexes          | 3 5 6 7 8 10 | 10.9
Conjurations   | 7 10 14 15 | 15.0
Short Blades   | 3 |  3.7
Dodging        | |  2.1

Action                     |  1- 3 |  4- 6 |  7- 9 | 10-12 || total
---------------------------+-------+-------+-------+-------++-------
  Melee: Dagger            |     7 |     4 |    68 |    11 ||    90
         Kick              |     3 |     1 |    24 |     3 ||    31
         Peck              |     1 |     1 |    16 |     5 ||    23
         Punch             |       |       |     3 |       ||     3
   Cast: Ensorcelled Hiber |     1 |     9 |     5 |       ||    15
         Confusing Touch   |       |       |    10 |       ||    10
         Dazzling Flash    |       |       |     1 |     3 ||     4
         Stone Arrow       |       |       |       |     2 ||     2
    Use: Potion            |     1 |       |     4 |     1 ||     6
         Scroll            |     1 |       |       |       ||     1
   Stab: Sleeping          |     1 |     4 |    16 |     1 ||    22
         Invisible         |       |       |     3 |     2 ||     5
         Confused          |       |       |     5 |       ||     5
 Armour: Robe              |     3 |     3 |    29 |    16 ||    51
  Dodge: Dodged            |       |     7 |    89 |    44 ||   140

Table legend: (Time is in decaauts)
 A = Elapsed time spent in this place.
 B = Non-inter-level travel time spent in this place.
 C = Inter-level travel time spent in this place.
 D = Time resting spent in this place.
 E = Time spent auto-exploring this place.
 F = Levels seen in this place.
 G = Mean time per level.
                   A        B        C        D        E       F      G
               +--------+--------+--------+--------+--------+-----+--------+
         Total |   2269 |   2260 |      9 |   1619 |      0 |   1 | 2269.0 |
       Dungeon |   2269 |   2260 |      9 |   1619 |      0 |   1 | 2269.0 |
               +--------+--------+--------+--------+--------+-----+--------+

Top non-repeatable levels by time:
       D: 2269 daAuts
